 Dungeon Crawl Stone Soup version 0.25-a0-815-gab441bd002 (webtiles) character file.

Game seed: 8391655642144952618, levelgen mode: deterministic

29 Maedhros the Charlatan (level 3, 0/23 HPs)
             Began as an Octopode Artificer on Apr 20, 2020.
             Slain by Sigmund
             ... wielding a +0 scythe of venom
              (8 damage)
             ... on level 3 of the Dungeon.
             The game lasted 00:01:39 (457 turns).

Maedhros the Charlatan (Octopode Artificer)          Turns: 457, Time: 00:01:39

Health: 0/23       AC:  1    Str: 11    XL:     3   Next: 16%
Magic:  5/5        EV: 13    Int: 13    God:
Gold:   41         SH:  0    Dex: 13    Spells: 2/2 levels left

rFire    . . .     SeeInvis .   a - +0 short sword
rCold    . . .     Gourm    .   (no shield)
rNeg     . . .     Faith    .   (helmet restricted)
rPois    .         Spirit   .   (no amulet)
rElec    .         Reflect  .   (no ring)
rCorr    .         Harm     .   (no ring)
MR       .....                  (no ring)
Stlth    +++.......             (no ring)
HPRegen  0.07/turn              (no ring)
MPRegen  0.09/turn              (no ring)
                                (no ring)
                                (no ring)

@: no status effects
A: almost no armour, stealthy swim, amphibious, 8 rings, constrict 8, camouflage
1, gelatinous body 1
a: no special abilities


You were on level 3 of the Dungeon.
You were not hungry.

You visited 1 branch of the dungeon, and saw 3 of its levels.

You collected 41 gold pieces.

Inventory:

Hand Weapons
 a - a +0 short sword (weapon)
Wands
 b - a wand of flame (15)
 c - a wand of enslavement (11)
 d - a wand of random effects (9)
Comestibles
 f - 2 rations


   Skills:
 - Level 1.0 Fighting
 - Level 1.0 Short Blades
 - Level 2.0 Dodging
 + Level 2.4 Stealth
 * Level 1.8 Unarmed Combat
 + Level 3.6 Evocations


You had 2 spell levels left.
You didn't know any spells.
Your spell library was empty.

Dungeon Overview and Level Annotations

Branches:
Dungeon (3/15)

Altars:
Fedhas
Ru

Annotations:
D:2 1 exclusion
D:3 Natasha, Sigmund


Innate Abilities, Weirdness & Mutations

You cannot wear most types of armour.
You are very stealthy in the water. (Stealth+)
You are amphibious.
You can wear up to eight rings at the same time.
You can use your tentacles to constrict eight enemies at once.
Your skin changes colour to match your surroundings (Stealth+).
Your rubbery body absorbs attacks. (AC +1, EV +1)


Message History

Sigmund casts a spell at you. You resist with some effort.
Sigmund casts a spell at you. The magic dart hits you.
Evoke which item? (* to show all) (? for menu, Esc to quit)
Aiming: Random Effects
Press: ? - help, Shift-Dir - straight line, f/p - Sigmund
Aim: Sigmund, wielding a +0 scythe of venom and wearing a +0 robe (lightly wounded, fast, misshapen and mutated)
The puff of frost hits Sigmund.
Sigmund is moderately wounded.
Sigmund casts a spell at you. The puff of flame misses you.
Evoke which item? (* to show all) (? for menu, Esc to quit)
Aiming: Random Effects
Press: ? - help, Shift-Dir - straight line, f/p - Sigmund
Aim: Sigmund, wielding a +0 scythe of venom and wearing a +0 robe (moderately wounded, fast, misshapen and mutated)
The bolt of poison hits Sigmund!
Sigmund is heavily wounded.
Sigmund hits you from afar with a +0 scythe of venom!
You die...

.............#
.............# ♣
.............# ♣♣.
.............# ♣♣.♣♣ ..
.............# ♣♣PP.♣ #.#
$.)..........# ♣PPP.♣ #.#
......$>.@...# #....# #.#
.............# ###..####.#
(..#...##@...###....†....#
.# ##.<..........#.##....#
.......##..#####.......#
.[....# ##.# ##......#
......[ ### # ###..#.#
...#..# ##_# #.##.# ...#.
8...8##.##.# ...#
.....#####.# .....8#.....


You could see Sigmund.

Vanquished Creatures
  A dart slug (D:1)
  5 giant cockroaches
  3 goblins
  2 hobgoblins (D:3)
  A jackal (D:3)
  A ball python (D:3)
  A bat (D:1)
  2 frilled lizards
  3 kobolds (D:1)
  A rat (D:1)
20 creatures vanquished.

Vanquished Creatures (collateral kills)
  An orc (D:3)
  A giant cockroach (D:2)
  A goblin (D:3)
  A hobgoblin (D:3)
  A jackal (D:3)
5 creatures vanquished.

Vanquished Creatures (others)
  A giant cockroach (D:2)
  A jackal (D:3)
2 creatures vanquished.

Grand Total: 27 creatures vanquished

Notes
Turn   | Place    | Note
-------+----------+-------------------------------------------
     0 | D:1      | Maedhros the Octopode Artificer began the quest for the
                  | Orb.
     0 | D:1      | Reached XP level 1. HP: 13/13 MP: 3/3
    82 | D:1      | Reached skill level 1 in Unarmed Combat
    82 | D:1      | Reached XP level 2. HP: 12/18 MP: 4/4
   373 | D:3      | Noticed Natasha
   376 | D:3      | Reached XP level 3. HP: 10/23 MP: 5/5
   417 | D:3      | Found a sacrificial altar of Ru.
   417 | D:3      | Found a blossoming altar of Fedhas.
   445 | D:3      | Noticed Sigmund
   457 | D:3      | Slain by Sigmund

Levels and vault maps discovered:
D:1:      wheals_arrival_linesprint, layout_rooms
D:2:      minmay_roachtagon, layout_basic, tgw_trog, xom_redecorated,
          minmay_misc_feat_cross
D:3:      layout_rooms, nicolae_overflow_hidden_temple, trog_butcher_becter,
          uniq_natasha, uniq_sigmund, uniq_crazy_yiuf_cottage

Skill      XL: |  1  2 |
---------------+-------+-----
Unarmed Combat | 1 |  1.8
Stealth        | 2 |  2.4
Fighting       | |  1.0
Short Blades   | |  1.0
Dodging        | |  2.0
Evocations     | |  3.6

Action                   || total
-------------------------++-------
Melee: Short sword       ||    35
       Constrict         ||     9
       Tentacles         ||     8
Evoke: Wand              ||    10
 Stab: Sleeping          ||     5
Armor: Skin              ||     2
Dodge: Dodged            ||    21

Table legend:
 A = Non-vault XP
 B = Vault XP
 C = Vault XP percentage of total XP
 D = Non-vault monster count
 E = Vault monster count
 F = Vault count percentage of total count
                 A         B        C        D         E       F
            +---------+---------+-------+---------+---------+-------
      Total |      33 |       9 |  21.4 |      20 |       5 |  20.0
            +---------+---------+-------+---------+---------+-------
        D:1 |      18 |       0 |   0.0 |      10 |       0 |   0.0
        D:2 |       1 |       9 |  90.0 |       1 |       5 |  83.3
        D:3 |      14 |       0 |   0.0 |       9 |       0 |   0.0
            +---------+---------+-------+---------+---------+-------
